 Dungeon Sprint DCSS version 0.21.1-1-g345015f (webtiles) character file.

512 wilfster70 the Fighter (level 7, -5/52 HPs)
             Began as a Gargoyle Monk on June 21, 2018.
             Was a Priest of Makhleb.
             Slain by a cyclops (26 damage)
             ... in the Dungeon (Sprint IX: "|||||||||||||||||||||||||||||").
             The game lasted 00:02:29 (405 turns).

wilfster70 the Fighter (Gargoyle Monk)               Turns: 405, Time: 00:02:30

Health: -5/52      AC: 15    Str: 16    XL:     7   Next: 19%
Magic:  7/7        EV: 15    Int: 11    God:    Makhleb [***...]
Gold:   0          SH:  0    Dex: 15    Spells: 6/6 levels left

rFire    . . .     SeeInvis .   a - +3 war axe (freeze)
rCold    . . .     Gourm    .   (no shield)
rNeg     + . .     Faith    .   q - +2 ring mail
rPois    ∞         Spirit   .   (no helmet)
rElec    +         Reflect  .   p - +0 cloak
rCorr    .         Harm     .   (no gloves)
MR       .....     NoTele   +   n - +0 pair of boots
Stlth    +.........             (no amulet)
HPRegen  0.17/turn              o - +3 ring of dexterity
MPRegen  0.10/turn              r - +2 ring of protection

@: no status effects
A: negative energy resistance 1, electricity resistance, unbreathing,
petrification resistance, rot immunity, AC +4
a: Minor Destruction, Lesser Servant of Makhleb, Renounce Religion


You were in the Dungeon.
You worshipped Makhleb.
Makhleb was most pleased with you.
You were not hungry.

You visited 1 branch

Inventory:

Hand Weapons
 a - a +3 war axe of freezing (weapon)
Armour
 n - a +0 pair of boots (worn)
 p - a +0 cloak (worn)
 q - a +2 ring mail (worn)
Jewellery
 o - a +3 ring of dexterity (left hand)
 r - a +2 ring of protection (right hand)
Wands
 m - a wand of iceblast (10)
Scrolls
 i - 2 scrolls of blinking
 k - 3 scrolls of remove curse
 l - 2 scrolls of amnesia
Potions
 d - 5 potions of curing
 e - a potion of heal wounds
 f - a potion of haste
 g - 4 potions of magic
 h - a potion of invisibility
Comestibles
 c - a ration
 j - 11 chunks of flesh


   Skills:
 + Level 10.0 Fighting
 + Level 8.4 Axes
 + Level 7.7 Dodging
 - Level 2.1 Stealth


You had 6 spell levels left.
You didn't know any spells.

Dungeon Overview and Level Annotations

Branches:
Dungeon (1/1)

Altars:
Cheibriados
Dithmenos
Elyvilon
Fedhas
Gozag
Hepliaklqana
Kikubaaqudgha
Makhleb
Nemelex Xobeh
Okawaru
Qazlal
Ru
Sif Muna
Trog
Uskayaw
Vehumet
Wu Jian
Xom
Yredelemnul
Zin
The Shining One
Beogh
Jiyva
Lugonu


Innate Abilities, Weirdness & Mutations

You are resistant to torment.
Your stone body is resilient. (AC +4)
You are immune to poison.
You resist negative energy. (rN+)
You are resistant to electric shocks. (rElec)
You can survive without breathing.
You are immune to petrification.
You are immune to rotting.


Message History

The cyclops hits you!
You slash the cyclops! You freeze the cyclops.
The cyclops is moderately wounded.
The cyclops closely misses you.
You slash the cyclops! You freeze the cyclops.
The cyclops is heavily wounded.
The cyclops hits you but does no damage.
You slash the cyclops! You freeze the cyclops.
The cyclops is severely wounded.
You hit the cyclops but do no damage.
The cyclops is severely wounded.
The cyclops barely misses you.
You hit the cyclops. You freeze the cyclops.
The cyclops is almost dead.
The cyclops barely misses you.
You hit the cyclops. You freeze the cyclops.
The cyclops is almost dead.
The cyclops hits you!!
Ouch! That really hurt!
You die...

▓+▓
▓c▓
▓T▓
▓o▓
▓a▓
▓C▓
▓@▓
▓)▓
▓(▓
▓.▓
▓.▓
▓.▓
▓.▓
▓)▓
▓)▓


You could see a centaur warrior, a cyclops, a troll, an orc warrior and a worker
ant.

Vanquished Creatures
  A yak (D)
  2 ogres (D)
  A centaur (D)
  A howler monkey (D)
  A hound (D)
  An iguana (D)
  2 adders (D)
  A shadow imp (D)
  A giant cockroach (D)
  2 goblins (D)
  A hobgoblin (D)
  A jackal (D)
  A kobold (D)
  A quokka (D)
17 creatures vanquished.

Notes
Turn   | Place    | Note
-------+----------+-------------------------------------------
     0 | D        | wilfster70 the Gargoyle Monk began the quest for the Orb.
     0 | D        | Reached XP level 1. HP: 14/14 MP: 1/1
    25 | D        | Reached skill level 4 in Fighting
    27 | D        | Reached XP level 2. HP: 10/20 MP: 2/2
   191 | D        | Reached skill level 5 in Fighting
   191 | D        | Reached XP level 3. HP: 26/26 MP: 3/3
   200 | D        | Reached XP level 4. HP: 32/32 MP: 4/4
   250 | D        | Found a roughly hewn altar of Beogh.
   250 | D        | Found a snail-covered altar of Cheibriados.
   250 | D        | Found a shadowy altar of Dithmenos.
   250 | D        | Found a white marble altar of Elyvilon.
   250 | D        | Found a blossoming altar of Fedhas.
   250 | D        | Found an opulent altar of Gozag.
   251 | D        | Found a hazy altar of Hepliaklqana.
   252 | D        | Found a viscous altar of Jiyva.
   253 | D        | Found an ancient bone altar of Kikubaaqudgha.
   254 | D        | Found a corrupted altar of Lugonu.
   255 | D        | Found a burning altar of Makhleb.
   256 | D        | Found a sparkling altar of Nemelex Xobeh.
   257 | D        | Found an iron altar of Okawaru.
   258 | D        | Found a stormy altar of Qazlal.
   259 | D        | Found a sacrificial altar of Ru.
   260 | D        | Found a deep blue altar of Sif Muna.
   261 | D        | Found a bloodstained altar of Trog.
   262 | D        | Found a hide-covered altar of Uskayaw.
   263 | D        | Became a worshipper of Makhleb the Destroyer
   263 | D        | Reached * piety under Makhleb
   263 | D        | Reached ** piety under Makhleb
   264 | D        | Found a radiant altar of Vehumet.
   265 | D        | Found an ornate altar of the Wu Jian Council.
   266 | D        | Found a shimmering altar of Xom.
   267 | D        | Found a basalt altar of Yredelemnul.
   268 | D        | Found a glowing silver altar of Zin.
   269 | D        | Found a glowing golden altar of the Shining One.
   336 | D        | Noticed a centaur
   336 | D        | Noticed a yak
   336 | D        | Noticed an ogre
   342 | D        | Killed an ogre
   342 | D        | Reached skill level 7 in Fighting
   342 | D        | Reached skill level 5 in Axes
   342 | D        | Reached skill level 5 in Dodging
   342 | D        | Reached XP level 5. HP: 20/38 MP: 5/5
   350 | D        | Killed a yak
   350 | D        | Reached skill level 8 in Fighting
   350 | D        | Reached XP level 6. HP: 39/45 MP: 6/6
   358 | D        | Reached skill level 9 in Fighting
   360 | D        | Reached *** piety under Makhleb
   395 | D        | Noticed a centaur warrior
   395 | D        | Noticed a troll
   395 | D        | Noticed an orc warrior
   395 | D        | Noticed a cyclops
   397 | D        | Reached skill level 10 in Fighting
   397 | D        | Reached XP level 7. HP: 52/52 MP: 7/7
   405 | D        | Slain by a cyclops

Skill      XL: |  1  2  3  4  5  6 |
---------------+-------------------+-----
Axes           | 3 4 5 7 8 |  8.4
Fighting       | 4 5 7 8 10 | 10.0
Dodging        | 3 4 5 6 7 |  7.7
Stealth        | |  2.1

Action                   |  1- 3 |  4- 6 |  7- 9 || total
-------------------------+-------+-------+-------++-------
Melee: Hand axe          |    36 |       |       ||    36
       War axe           |       |    26 |     6 ||    32
  Use: Potion            |     1 |     2 |       ||     3
Armor: Robe              |     8 |       |       ||     8
       Ring mail         |       |     4 |     1 ||     5
Dodge: Dodged            |    18 |    15 |     3 ||    36
